Map: Rêve éternel EC

Players

Nazhold - Winner!

  • Race: Terran Terran
  • Spawn Location: 7:00

VOD

Have the link to the VOD?

Description

Time

  • Played on: Aug. 27, 2020, 5:25 a.m.
  • Length: 22:40
Show
View Real Time Build Order
Export as new Build Order

Nazhold Terran - Winner!

Build Orders:  

Get SALT Encoding   

  12  0:00  SCV  
  13  0:17  SCV  
  14  0:24  Supply Depot  
  14  0:34  SCV  
  15  0:54  SCV  
  15  0:56  Barracks  
  16  1:01  Refinery  
  16  1:11  SCV  
  17  1:28  SCV  
  18  1:45  SCV  
  19  2:01  Barracks Tech Lab  
  19  2:02  Orbital Command  
  19  2:21  Command Center  
  19  2:36  Marine  
  20  2:40  Supply Depot, SCV  
  20  2:48  Concussive Shells  
  21  2:59  Barracks  
  21  3:02  SCV  
  22  3:11  Marauder  
  24  3:20  SCV  
  24  3:21  Stimpack  
  25  3:35  Barracks  
  25  3:40  SCV  
  25  3:41  Marauder  
  28  4:01  Orbital Command  
  28  4:10  Engineering Bay  
  28  4:13  Refinery  
  28  4:24  SCV  
  28  4:27  Barracks Reactor  
  29  4:40  Barracks Reactor  
  29  4:42  SCV x2  
  31  4:54  Marine  
  31  4:58  SCV  
  33  5:03  Terran Infantry Weapons Level 1  
  32  5:19  Marine x3  
  35  5:20  SCV  
  35  5:21  SCV  
  33  5:41  Supply Depot  
  33  5:42  SCV  
  33  5:43  Marine x2, SCV  
  33  5:44  Marine  
  33  5:45  Marine x2  
  33  5:49  Supply Depot  
  40  6:12  Refinery, SCV x2  
  40  6:15  Refinery  
  42  6:22  Marine x3  
  42  6:23  Marine  
  42  6:25  Marine  
  42  6:29  SCV x2  
  49  6:30  Unknown  
  49  6:40  Factory  
  49  6:46  SCV x2  
  49  6:47  Marine x2  
  53  6:58  Barracks, Marine x2  
  53  6:59  Barracks, Marine  
  56  7:03  SCV x2  
  58  7:17  Supply Depot  
  45  7:20  SCV x2  
  58  7:26  Marine x2  
  58  7:27  Engineering Bay  
  62  7:43  Supply Depot  
  62  7:44  Factory Reactor  
  62  7:47  Marine x3, SCV  
  66  7:52  Terran Infantry Armor Level 1  
  66  7:55  Command Center  
  66  7:56  SCV  
  66  7:57  Marine x2  
  69  8:06  Armory  
  69  8:08  Barracks Tech Lab, Barracks Reactor  
  69  8:25  Widow Mine  
  69  8:28  SCV x2  
  71  8:30  Marine  
  71  8:31  Marine x2  
  71  8:32  Marine  
  71  8:39  Marine  
  78  8:51  Supply Depot  
  78  8:52  Supply Depot  
  78  9:18  Barracks Reactor  
  78  9:19  Widow Mine  
  78  9:21  Marine x6, SCV x2  
  78  9:25  Drilling Claws  
  78  9:27  Marine x2  
  90  9:46  Marine  
  91  9:57  Marine  
  91  9:58  Marine x6  
  98  10:02  SCV x2  
  98  10:03  Widow Mine  
  98  10:08  Orbital Command  
  100  10:10  Marine x2  
  100  10:11  Marine  
  105  10:21  Terran Vehicle And Ship Armor Level 1  
  105  10:24  Starport  
  105  10:32  Terran Infantry Weapons Level 2  
  105  10:35  Marine x2  
  105  10:36  Marine x2  
  109  10:42  Supply Depot  
  109  10:48  Refinery  
  109  10:58  Supply Depot  
  109  11:01  Supply Depot  
  109  11:12  Marine x8  
  117  11:24  Supply Depot  
  117  11:28  Factory Reactor, Medivac, Marine x2, SCV x3  
  124  11:35  Terran Infantry Armor Level 2  
  124  11:37  Marine x5  
  129  11:44  SCV  
  129  11:45  SCV x2  
  129  11:48  Marine  
  133  11:54  Marine x3  
  133  11:57  Orbital Command  
  133  11:59  Orbital Command  
  136  12:05  Orbital Command  
  136  12:14  Unknown  
  136  12:18  Starport Reactor  
  136  12:55  Unknown  
  136  12:59  Bunker  
  123  13:10  Marine x6  
  123  13:11  Marine x2  
  123  13:13  Marine  
  104  13:39  Widow Mine x2  
  102  13:40  Marine  
  102  13:41  Marine x8  
  105  13:51  Medivac x2  
  95  14:13  Widow Mine x2  
  72  14:21  Marine x10  
  73  14:33  Medivac x2  
  68  14:46  Marine x3  
  66  14:58  Orbital Command  
  60  15:03  Unknown  
  60  15:04  Terran Infantry Weapons Level 3  
  60  15:06  Terran Infantry Armor Level 3  
  56  15:17  Marine  
  56  15:18  Marine x3  
  60  15:20  Widow Mine x2  
  60  15:26  Marine x5  
  60  15:27  Marine  
  60  15:29  Medivac x2  
  74  15:42  Marine x2  
  76  15:52  Marine x2  
  76  15:53  Marine x2  
  76  15:56  Command Center  
  80  16:09  SCV x2  
  82  16:10  Marine x2  
  84  16:26  SCV  
  85  16:38  Marine, SCV  
  85  16:39  Marine x7  
  94  16:53  Supply Depot  
  94  16:59  Supply Depot  
  94  17:23  SCV  
  94  17:27  Widow Mine  
  94  17:31  Marine  
  94  17:32  Marine x9  
  106  17:56  Marine  
  106  17:57  Marine x2  
  102  18:00  Widow Mine x2  
  102  18:08  Marine x7  
  109  18:11  Medivac  
  115  18:22  Orbital Command  
  115  18:33  Marine  
  115  18:34  Marine x4  
  120  19:21  SCV x2  
  118  19:32  Marine x7  
  125  19:46  Supply Depot  
  125  19:47  Supply Depot  
  125  19:50  Supply Depot  
  125  19:51  Supply Depot  
  125  19:52  Supply Depot  
  125  20:06  Widow Mine x2  
  125  20:16  Marine x2, SCV x2  
  125  20:17  Marine x4, SCV  
  138  20:32  SCV  
  138  20:33  SCV  
  138  20:35  Command Center  
  137  21:15  Unknown  
  137  21:19  Unknown  
  123  21:21  Unknown  
  122  21:37  Marine x2  
  122  21:38  Marine x8  
  124  21:58  Widow Mine  
  124  21:59  Widow Mine  
  122  22:02  Marine x4  
  122  22:03  Marine x3  
  122  22:07  Marine x3  
Tags
 
Add a new tag
Caveats
  • Supply blocks, unpowered buildings, or Contaminate may cause inaccurate times.
  • Supply counts are checked every 10 seconds.